 Dungeon Crawl Stone Soup version 0.30-a0-55-g90e3122c3a (webtiles) character file.

Game seed: 8550043502410575374

158 Newt the Trooper (level 5, 0/63 HPs)
             Began as a Demonspawn Gladiator on Sept 9, 2022.
             Succumbed to a scorpion's poison
             ... on level 4 of the Dungeon.
             The game lasted 00:03:22 (4317 turns).

Newt the Trooper (Demonspawn Gladiator)             Turns: 4317, Time: 00:03:23

Health: 0/63       AC: 22    Str: 17    XL:     5   Next: 16%
Magic:  5/5        EV:  2    Int:  9    God:
Gold:   117        SH:  0    Dex: 14    Spells: 4/4 levels left

rFire   . . .      SeeInvis .    a - +1 rapier
rCold   . . .      Faith    .    (no shield)
rNeg    + . .      Spirit   .    (body armour currently unavailable)
rPois   +          Reflect  .    (helmet currently unavailable)
rElec   .          Harm     .    (cloak currently unavailable)
rCorr   .          Rampage  .    (gloves currently unavailable)
Will    .....      NoTele   +    (boots currently unavailable)
Stlth   ++........               (no amulet)
HPRegen 0.20/turn                l - ring of positive energy
MPRegen 0.09/turn                (no ring)

@: lethally poisoned (0 -> -9), tree-form
A: stationary, stasis, torment immunity, boosted hp, (hooves 2)
a: no special abilities


You were on level 4 of the Dungeon.
You were a tree.
You visited 1 branch of the dungeon, and saw 4 of its levels.

You collected 117 gold pieces.

Inventory:

Hand Weapons
 a - a +1 rapier (weapon)
Armour
 b - a +0 leather armour
 c - a +0 helmet (melded)
 g - a +0 ring mail (melded)
Jewellery
 l - a ring of positive energy (left branch)
Scrolls
 f - a scroll of magic mapping
 j - a scroll of blinking {unknown}
 k - a scroll of fear
Potions
 h - a potion of flight
 i - 2 potions of lignification


   Skills:
 - Level 4.0 Fighting
 - Level 2.6 Short Blades
 - Level 1.7 Throwing
 + Level 3.7 Dodging
 - Level 2.0 Stealth


You had 4 spell levels left.
You didn't know any spells.
Your spell library was empty.

Dungeon Overview and Level Annotations

Branches:
Dungeon (4/15)
 Temple: D:4-7

Altars:

Shops:
D:1 =


Innate Abilities, Weirdness & Mutations

You are a tree.
Your roots penetrate the ground, keeping you stationary.
You cannot be teleported.
You are immune to unholy pain and torment.
Your maximum health is greatly increased.
Your equipment is partially melded.
((You have hoof-like feet.))


Message History

Aim: a scorpion (heavily wounded, 60% to hit)
You throw a throwing net. The throwing net hits the scorpion.
The scorpion is caught in the net!
The scorpion is heavily wounded.
You feel sick.
The scorpion struggles against the net.
You strike the helpless scorpion from behind!
You hit the scorpion but do no damage. You kick the scorpion.
The scorpion is almost dead.
You feel sick.
The scorpion struggles against the net.
You hit the scorpion but do no damage. Your kick misses the scorpion.
The scorpion is severely wounded.
You feel sick.
The scorpion struggles against the net.
The net rips apart, and the scorpion comes free!
You hit the scorpion but do no damage.
The scorpion is severely wounded.
You feel sick. The scorpion stings you.
* * * LOW HITPOINT WARNING * * *
You are lethally poisoned!
The scorpion poisons you!
The scorpion stings you but does no damage.
Unknown command.
Really quaff the potion of lignification?
Okay, then.
There is a lethal amount of poison in your body!
Unknown command.
Really quaff the potion of lignification?
You turn into a tree.
Your +0 helmet melds into your body.
Your +0 ring mail melds into your body.
Your roots penetrate the ground.
* * * LOW HITPOINT WARNING * * *
You feel very sick.
The scorpion stings you but does no damage.
Unknown command.
You hit the scorpion.
You kill the scorpion!
* * * LOW HITPOINT WARNING * * *
You feel very sick.
You have reached level 5!
Your demonic ancestry asserts itself...
Your feet thicken and deform.
You die...

#. #.# ##.
#.# . ##..
####.# #. ...
....# #.. ..
#..#
#...##.##
#.<#
........#
#..#
........#
#..#
###.###♣#
#.)####### #
#†#
#........#
##.###.#
#.######.#
#......####.#
#.....(.....#
#.#####.#####
# #.# #.# #.#


There were no monsters in sight!

Vanquished Creatures
  A scorpion (D:4)
  Terence (D:2)
  2 adders
  3 worms
  A dart slug (D:2)
  An orc (D:3)
  8 ball pythons
  4 bats
  4 endoplasms
  2 giant cockroaches (D:3)
  4 hobgoblins
  A kobold (D:2)
  2 quokkas (D:3)
  A frilled lizard (D:3)
  8 goblins
  3 rats
46 creatures vanquished.

Notes
Turn   | Place    | Note
-------+----------+-------------------------------------------
     0 | D:1      | Newt the Demonspawn Gladiator began the quest for the Orb.
     0 | D:1      | Reached XP level 1. HP: 16/16 MP: 1/1
    30 | D:1      | Found Puymiats's Jewellery Shoppe.
   114 | D:1      | Reached skill level 1 in Stealth
   575 | D:1      | Gained mutation: You have large cloven feet. [demonic
                  | ancestry]
   575 | D:1      | Reached XP level 2. HP: 16/22 MP: 2/2
  1414 | D:2      | Noticed Terence
  1430 | D:2      | Killed Terence
  1431 | D:2      | Reached skill level 3 in Fighting
  1431 | D:2      | Reached XP level 3. HP: 17/29 MP: 3/3
  1906 | D:2      | Found a faded altar of an unknown god.
  2098 | D:2      | HP: 1/29 [poisoned by an adder]
  3318 | D:3      | Reached XP level 4. HP: 25/37 MP: 4/4
  3801 | D:3      | Reached skill level 4 in Fighting
  4303 | D:4      | Noticed a scorpion
  4316 | D:4      | Killed a scorpion
  4316 | D:4      | HP: 1/55 [poisoned by a scorpion]
  4317 | D:4      | Gained mutation: You have hoof-like feet. [demonic
                  | ancestry]
  4317 | D:4      | Reached XP level 5. HP: 2/42 MP: 5/5
  4317 | D:4      | Succumbed to a scorpion's poison

Illustrated notes

Levels and vault maps discovered:
D:1:      mrwooster_arrival_arrow, layout_loops_corners, serial_shops,
          nicolae_shop_hallway_stairs
D:2:      layout_loops_ring, dreamdust_ecumenical_altar_statues,
          grunt_ministairs_4, nicolae_underground_beach, uniq_terence
D:3:      layout_basic
D:4:      layout_loops_ring, mainiacjoe_overflow_paths, serial_shops, shop,
          uniq_natasha, uniq_crazy_yiuf_cottage

Skill      XL: |  1  2  3  4 |
---------------+-------------+-----
Stealth        | 1 2 |  2.0
Fighting       | 3 4 |  4.0
Dodging        | 3 |  3.7
Short Blades   | |  2.6
Throwing       | |  1.7

Action                   |  1- 3 |  4- 6 || total
-------------------------+-------+-------++-------
Melee: Rapier            |    92 |    51 ||   143
       Kick              |    19 |    13 ||    32
       Punch             |       |     1 ||     1
Throw: Throwing net      |     2 |     2 ||     4
       Javelin           |       |     1 ||     1
  Use: Scroll            |     7 |       ||     7
       Potion            |     2 |     1 ||     3
 Stab: Sleeping          |     4 |     2 ||     6
       Held in net/web   |       |     1 ||     1
Armor: Leather armour    |    28 |       ||    28
       Ring mail         |       |    12 ||    12
       Skin              |       |     1 ||     1
Dodge: Dodged            |    47 |    14 ||    61

Table legend: (Time is in decaauts)
 A = Elapsed time spent in this place.
 B = Non-inter-level travel time spent in this place.
 C = Inter-level travel time spent in this place.
 D = Time resting spent in this place.
 E = Time spent auto-exploring this place.
 F = Levels seen in this place.
 G = Mean time per level.
                   A        B        C        D        E       F      G
               +--------+--------+--------+--------+--------+-----+--------+
         Total |   4326 |   4250 |     76 |   1044 |   2838 |   4 | 1081.5 |
       Dungeon |   4326 |   4250 |     76 |   1044 |   2838 |   4 | 1081.5 |
               +--------+--------+--------+--------+--------+-----+--------+

Top non-repeatable levels by time:
     D:2: 1582 daAuts
     D:3: 1369 daAuts
     D:1: 1341 daAuts
     D:4: 34 daAuts
